[ AOE2 MATCH · #506635388 ]
UnrankedPersians vs Vietnamese
Player's team · WIN
[ REPLAY ANALYSIS · EXTRACTED FROM THE RECORDED GAME ]
Feudal
13:13
Castle
18:30
Imperial
—
| APM avg | 76.9 |
| APM peak | 127 |
| eAPM avg | 37.0 |
| Villagers / military | 93 / 123 |
Focus
⚔️ 64.5% · 🌾 35.5%
Cavalry Archer ×92 · Mangonel ×13 · Archer ×10 · Militia ×6 · Spearman ×2
Feudal
10:18
Castle
22:48
Imperial
—
| APM avg | 55.9 |
| APM peak | 96 |
| eAPM avg | 27.1 |
| Villagers / military | 79 / 82 |
Focus
⚔️ 40.7% · 🌾 59.3%
Archer ×72 · Mangonel ×5 · Scout Cavalry ×4 · Spearman ×1
Match map
Initial resources + every placement click. Lines = walls · curves = elevation contours. ◆ gold · ⬟ stone · ● berries · ✦ relic · ◌ wall gap
Your base· ✓ Closed at 18:30 · 45t walls · no gate
★ DrumM ❿'s base· ✓ Closed at 22:48 · 18t walls · no gate
Smoothed initial terrain · ◌ = detected wall gap · hover for details
Inputs per minute
— Mr_PrIMeZ - - ★ DrumM ❿
Build order — Mr_PrIMeZ
First 150 of 278 actions detected
| 0:00 | Queue | Villager (Male) ×5 |
| 0:01 | Queue | Villager (Male) ×5 |
| 0:02 | Build | House |
| 0:03 | Build | House |
| 1:24 | Queue | Villager (Male) |
| 1:24 | Queue | Villager (Male) |
| 1:49 | Build | Barracks |
| 2:07 | Queue | Villager (Male) |
| 2:07 | Queue | Villager (Male) |
| 2:12 | Build | House |
| 2:33 | Queue | Villager (Male) |
| 2:33 | Queue | Villager (Male) |
| 2:49 | Queue | Militia |
| 2:49 | Queue | Militia |
| 3:00 | Queue | Villager (Male) |
| 3:00 | Queue | Villager (Male) |
| 3:07 | Queue | Militia |
| 3:22 | Queue | Villager (Male) |
| 3:25 | Research | Loom |
| 3:46 | Queue | Villager (Male) |
| 3:46 | Queue | Villager (Male) |
| 4:04 | Queue | Villager (Male) |
| 4:04 | Queue | Villager (Male) |
| 4:19 | Queue | Militia |
| 4:19 | Queue | Militia |
| 4:53 | Queue | Villager (Male) |
| 4:58 | Build | House |
| 5:48 | Queue | Villager (Male) |
| 5:48 | Queue | Villager (Male) |
| 5:58 | Queue | Villager (Male) |
| 6:36 | Queue | Villager (Male) |
| 6:36 | Queue | Villager (Male) |
| 6:40 | Build | Lumber Camp |
| 7:02 | Queue | Militia |
| 7:13 | Build | Mill |
| 7:42 | Build | House |
| 7:45 | Build | Palisade Wall |
| 7:53 | Queue | Villager (Male) |
| 7:55 | Queue | Villager (Male) |
| 8:14 | Queue | Villager (Male) |
| 8:22 | Build | Palisade Wall |
| 8:24 | Build | Palisade Wall |
| 8:33 | Queue | Villager (Male) |
| 8:36 | Build | Farm |
| 8:37 | Build | Farm |
| 8:37 | Build | Farm |
| 9:07 | Queue | Villager (Male) |
| 9:19 | Build | House |
| 9:24 | Queue | Villager (Male) |
| 9:30 | Build | Farm |
| 9:31 | Build | Farm |
| 9:31 | Build | Farm |
| 9:31 | Build | Farm |
| 9:31 | Build | Farm |
| 10:05 | Build | Farm |
| 10:07 | Build | Farm |
| 10:17 | Queue | Villager (Male) |
| 10:19 | Build | Farm |
| 10:23 | Build | House |
| 10:24 | Build | House |
| 10:42 | Queue | Villager (Male) |
| 10:49 | Build | Farm |
| 11:09 | Research | Feudal Age |
| 11:09 | Research | Feudal Age |
| 11:09 | Research | Feudal Age |
| 11:18 | Build | Mining Camp |
| 11:22 | Build | House |
| 11:23 | Build | House |
| 11:38 | Build | Palisade Wall |
| 11:43 | Build | Palisade Wall |
| 11:44 | Build | Palisade Wall |
| 12:26 | Queue | Villager (Male) |
| 12:42 | Build | Palisade Wall |
| 13:13 | Age | Feudal Age |
| 13:16 | Queue | Villager (Male) |
| 13:20 | Build | Archery Range |
| 13:37 | Queue | Villager (Male) |
| 13:52 | Queue | Spearman |
| 13:52 | Queue | Spearman |
| 13:55 | Queue | Archer |
| 13:57 | Build | House |
| 13:59 | Build | Palisade Wall |
| 14:13 | Queue | Villager (Male) |
| 14:27 | Queue | Villager (Male) |
| 14:42 | Build | Blacksmith |
| 15:07 | Queue | Villager (Male) |
| 15:13 | Build | Farm |
| 15:42 | Queue | Villager (Male) |
| 16:02 | Research | Castle Age |
| 16:03 | Research | Castle Age |
| 16:09 | Build | Archery Range |
| 16:13 | Build | Lumber Camp |
| 16:20 | Research | Fletching |
| 16:20 | Research | Fletching |
| 16:21 | Queue | Archer |
| 16:22 | Queue | Archer |
| 16:25 | Build | House |
| 16:28 | Queue | Archer |
| 16:43 | Queue | Archer |
| 16:43 | Queue | Archer |
| 16:59 | Research | Double-Bit Axe |
| 16:59 | Research | Double-Bit Axe |
| 17:12 | Build | House |
| 17:19 | Queue | Archer |
| 17:19 | Queue | Archer |
| 17:19 | Queue | Archer |
| 17:20 | Queue | Archer |
| 17:34 | Build | House |
| 17:55 | Queue | Villager (Male) |
| 18:17 | Research | Gold Mining |
| 18:30 | Age | Castle Age |
| 18:34 | Research | Bodkin Arrow |
| 18:43 | Queue | Cavalry Archer ×3 |
| 18:43 | Queue | Cavalry Archer ×3 |
| 18:50 | Queue | Villager (Male) |
| 19:08 | Build | House |
| 19:10 | Queue | Cavalry Archer |
| 19:22 | Queue | Villager (Male) |
| 19:22 | Queue | Villager (Male) |
| 19:34 | Build | Siege Workshop |
| 19:35 | Queue | Cavalry Archer |
| 19:35 | Queue | Cavalry Archer |
| 19:48 | Build | Lumber Camp |
| 19:50 | Queue | Villager (Male) |
| 19:55 | Build | Farm |
| 19:55 | Build | Farm |
| 19:55 | Build | Farm |
| 20:04 | Queue | Cavalry Archer |
| 20:04 | Queue | Cavalry Archer |
| 20:15 | Build | Siege Workshop |
| 20:30 | Build | Siege Workshop |
| 20:39 | Queue | Villager (Male) |
| 20:39 | Queue | Villager (Male) |
| 20:40 | Queue | Cavalry Archer ×3 |
| 20:41 | Queue | Cavalry Archer ×3 |
| 20:41 | Queue | Cavalry Archer ×3 |
| 20:43 | Build | Farm |
| 20:44 | Build | Farm |
| 20:44 | Build | Farm |
| 20:44 | Build | Farm |
| 20:44 | Build | Farm |
| 21:11 | Queue | Mangonel |
| 21:12 | Queue | Mangonel |
| 21:29 | Research | Padded Archer Armor |
| 21:29 | Queue | Cavalry Archer |
| 21:30 | Queue | Cavalry Archer |
| 21:30 | Queue | Villager (Male) |
| 21:31 | Queue | Villager (Male) |
| 21:31 | Queue | Villager (Male) |
| 21:48 | Build | Outpost |
Build order — ★ DrumM ❿
First 150 of 260 actions detected
| 0:01 | Queue | Villager (Male) |
| 0:02 | Build | House |
| 0:03 | Build | House |
| 0:09 | Queue | Villager (Male) |
| 0:09 | Queue | Villager (Male) |
| 0:18 | Queue | Villager (Male) |
| 1:25 | Queue | Villager (Male) |
| 1:25 | Queue | Villager (Male) |
| 1:42 | Queue | Villager (Male) |
| 1:42 | Queue | Villager (Male) |
| 1:43 | Queue | Villager (Male) |
| 1:47 | Build | Lumber Camp |
| 2:27 | Queue | Villager (Male) |
| 2:33 | Build | House |
| 2:37 | Queue | Villager (Male) |
| 2:37 | Queue | Villager (Male) |
| 3:26 | Queue | Villager (Male) |
| 3:45 | Queue | Villager (Male) |
| 3:46 | Queue | Villager (Male) |
| 3:46 | Queue | Villager (Male) |
| 4:01 | Queue | Villager (Male) |
| 4:01 | Queue | Villager (Male) |
| 4:21 | Queue | Villager (Male) |
| 4:40 | Queue | Villager (Male) |
| 5:26 | Research | Loom |
| 6:03 | Queue | Villager (Male) |
| 6:03 | Queue | Villager (Male) |
| 6:35 | Queue | Villager (Male) |
| 7:07 | Build | Mill |
| 7:14 | Queue | Villager (Male) |
| 8:08 | Research | Feudal Age |
| 8:08 | Research | Feudal Age |
| 8:08 | Research | Feudal Age |
| 8:29 | Build | Barracks |
| 9:11 | Build | House |
| 10:06 | Queue | Villager (Male) |
| 10:18 | Age | Feudal Age |
| 10:24 | Build | Stable |
| 10:51 | Research | Double-Bit Axe |
| 10:51 | Research | Double-Bit Axe |
| 10:51 | Research | Horse Collar |
| 10:52 | Research | Horse Collar |
| 10:54 | Queue | Spearman |
| 11:01 | Queue | Villager (Male) |
| 11:04 | Queue | Villager (Male) |
| 11:18 | Queue | Scout Cavalry |
| 11:18 | Queue | Scout Cavalry |
| 11:24 | Build | House |
| 11:25 | Build | House |
| 11:40 | Build | House |
| 11:42 | Build | Palisade Wall |
| 11:47 | Build | Mill |
| 11:52 | Queue | Villager (Male) |
| 12:12 | Build | Archery Range |
| 12:13 | Queue | Villager (Male) |
| 12:30 | Build | Mining Camp |
| 12:38 | Queue | Scout Cavalry |
| 12:58 | Queue | Villager (Male) |
| 13:08 | Build | Blacksmith |
| 13:09 | Queue | Archer |
| 13:20 | Queue | Villager (Male) |
| 13:24 | Build | House |
| 13:29 | Build | Palisade Wall |
| 13:31 | Build | Palisade Wall |
| 13:35 | Queue | Villager (Male) |
| 13:58 | Queue | Villager (Male) |
| 14:12 | Queue | Archer |
| 14:17 | Build | Farm |
| 14:17 | Build | Farm |
| 14:31 | Build | Farm |
| 14:38 | Research | Fletching |
| 14:38 | Research | Fletching |
| 14:43 | Queue | Villager (Male) |
| 14:51 | Build | Farm |
| 14:54 | Build | Farm |
| 14:56 | Queue | Villager (Male) |
| 15:03 | Queue | Archer |
| 15:03 | Queue | Archer |
| 15:19 | Build | Farm |
| 15:20 | Queue | Villager (Male) |
| 15:50 | Queue | Villager (Male) |
| 15:51 | Queue | Scout Cavalry |
| 15:56 | Build | House |
| 15:59 | Build | House |
| 16:01 | Queue | Archer |
| 16:07 | Queue | Villager (Male) |
| 16:09 | Build | Farm |
| 16:12 | Build | Farm |
| 16:14 | Build | Farm |
| 16:17 | Build | Farm |
| 16:19 | Queue | Villager (Male) |
| 16:20 | Build | Farm |
| 16:27 | Queue | Archer |
| 16:51 | Queue | Archer |
| 16:52 | Queue | Archer |
| 16:58 | Queue | Villager (Male) |
| 17:00 | Build | Farm |
| 17:00 | Build | Farm |
| 17:43 | Queue | Villager (Male) |
| 17:46 | Build | Farm |
| 17:47 | Build | Farm |
| 17:50 | Research | Wheelbarrow |
| 18:24 | Queue | Villager (Male) |
| 18:39 | Queue | Villager (Male) |
| 18:47 | Build | Watch Tower |
| 18:49 | Queue | Villager (Male) |
| 18:58 | Build | House |
| 19:02 | Build | House |
| 19:04 | Queue | Archer |
| 19:25 | Queue | Archer |
| 19:30 | Build | Archery Range |
| 19:36 | Build | Palisade Wall |
| 19:43 | Queue | Villager (Male) |
| 19:50 | Queue | Archer |
| 20:08 | Research | Castle Age |
| 20:08 | Research | Castle Age |
| 20:08 | Research | Castle Age |
| 20:16 | Build | Lumber Camp |
| 20:20 | Build | Market |
| 20:38 | Build | Palisade Wall |
| 20:52 | Queue | Archer |
| 20:52 | Queue | Archer |
| 20:55 | Queue | Archer |
| 20:56 | Queue | Archer |
| 21:07 | Research | Gold Mining |
| 21:07 | Research | Gold Mining |
| 21:11 | Build | House |
| 21:17 | Build | House |
| 21:29 | Queue | Archer |
| 21:29 | Queue | Archer |
| 21:33 | Research | Padded Archer Armor |
| 21:40 | Build | Lumber Camp |
| 21:51 | Queue | Archer |
| 21:51 | Queue | Archer |
| 22:11 | Queue | Archer |
| 22:11 | Queue | Archer |
| 22:34 | Queue | Archer |
| 22:34 | Queue | Archer |
| 22:48 | Age | Castle Age |
| 22:49 | Build | Siege Workshop |
| 22:53 | Research | Crossbowman (upgrade) |
| 22:54 | Research | Crossbowman (upgrade) |
| 22:57 | Research | Bodkin Arrow |
| 22:58 | Research | Bodkin Arrow |
| 22:58 | Research | Bow Saw |
| 22:58 | Research | Bow Saw |
| 22:59 | Queue | Villager (Male) |
| 23:02 | Queue | Villager (Male) |
| 23:07 | Queue | Archer |
| 23:07 | Queue | Archer |
Match timeline
| 1:49 | Mr_PrIMeZ · first_building Barracks |
| 7:45 | Mr_PrIMeZ · wall_segment Palisade Wall x7 |
| 8:22 | Mr_PrIMeZ · wall_segment Palisade Wall x6 |
| 8:24 | Mr_PrIMeZ · wall_segment Palisade Wall x13 |
| 8:29 | ★ DrumM ❿ · first_building Barracks |
| 10:18 | ★ DrumM ❿ · age_up feudal |
| 10:24 | ★ DrumM ❿ · first_building Stable |
| 11:38 | Mr_PrIMeZ · wall_segment Palisade Wall x4 |
| 11:42 | ★ DrumM ❿ · wall_segment Palisade Wall x1 |
| 11:43 | Mr_PrIMeZ · wall_segment Palisade Wall x5 |
| 11:44 | Mr_PrIMeZ · wall_segment Palisade Wall x6 |
| 12:12 | ★ DrumM ❿ · first_building Archery Range |
| 12:42 | Mr_PrIMeZ · wall_segment Palisade Wall x4 |
| 13:13 | Mr_PrIMeZ · age_up feudal |
| 13:20 | Mr_PrIMeZ · first_building Archery Range |
| 13:29 | ★ DrumM ❿ · wall_segment Palisade Wall x5 |
| 13:31 | ★ DrumM ❿ · wall_segment Palisade Wall x11 |
| 13:59 | Mr_PrIMeZ · wall_segment Palisade Wall x1 |
| 18:30 | Mr_PrIMeZ · age_up castle |
| 19:34 | Mr_PrIMeZ · first_building Siege Workshop |
| 19:36 | ★ DrumM ❿ · wall_segment Palisade Wall x1 |
| 20:38 | ★ DrumM ❿ · wall_segment Palisade Wall x1 |
| 22:48 | ★ DrumM ❿ · age_up castle |
| 22:49 | ★ DrumM ❿ · first_building Siege Workshop |
| 29:17 | Mr_PrIMeZ · first_building Stable |
| 30:34 | ★ DrumM ❿ · first_market_sell 100 wood |
| 30:35 | ★ DrumM ❿ · first_market_buy 100 stone |
| 32:52 | ★ DrumM ❿ · resign |
[ AI ANALYSIS · 1 CREDIT ]
What really happened in this match?
Wolo.gg analyzes every decision: build order, eco, micro, common mistakes by bracket. Personalized analysis on WhatsApp or Discord in 30 seconds.
Civ guide
Persians
Perfil
Jugador #4521457